 Dungeon Crawl Stone Soup version 0.29-a0-321-gf1c400731a (webtiles) character file.

Game seed: 12982102117287514104

61 sammy202020 the Skirmisher (level 4, -3/50 HPs)
             Began as an Ogre Monk on Apr 4, 2022.
             Slain by a gnoll
             ... wielding a +0 halberd
              (6 damage)
             ... on level 2 of the Dungeon.
             The game lasted 00:02:31 (2695 turns).

sammy202020 the Skirmisher (Ogre Monk)              Turns: 2695, Time: 00:02:32

Health: -3/50      AC:  3    Str: 17    XL:     4   Next: 7%
Magic:  4/4        EV: 10    Int: 11    God:
Gold:   129        SH:  0    Dex: 11    Spells: 3/3 levels left

rFire   . . .      SeeInvis .   a - +0 mace
rCold   . . .      Faith    .   (no shield)
rNeg    . . .      Spirit   .   b - +0 robe
rPois   .          Reflect  .   (helmet restricted)
rElec   .          Harm     .   (no cloak)
rCorr   .          Rampage  .   (gloves unavailable)
Will    .....                   (boots unavailable)
Stlth   ++........              (no amulet)
HPRegen 0.16/turn               (no ring)
MPRegen 0.09/turn               (no ring)

@: no status effects
A: large, unfitting armour, tough skin 1
a: no special abilities


You were on level 2 of the Dungeon.
You visited 1 branch of the dungeon, and saw 2 of its levels.

You collected 129 gold pieces.

Inventory:

Hand Weapons
 a - a +0 mace (weapon)
Missiles
 l - 3 atropa-tipped darts (quivered)
Armour
 b - a +0 robe (worn)
Scrolls
 d - a scroll of enchant weapon {unknown}
Potions
 c - a potion of ambrosia
 e - a potion of mutation
 h - a potion of brilliance
 i - a potion of flight {unknown}
 k - 3 potions of curing
 m - a potion of heal wounds {unknown}
 o - a potion of invisibility {unknown}
 p - 2 potions of attraction


   Skills:
 * Level 5.0 Fighting
 * Level 3.3 Maces & Flails
 + Level 3.0 Dodging
 - Level 1.8 Stealth


You had 3 spell levels left.
You didn't know any spells.
Your spell library was empty.

Dungeon Overview and Level Annotations

Branches:
Dungeon (2/15)

Altars:
Dithmenos


Innate Abilities, Weirdness & Mutations

You are too large for most types of armour.
You have tough skin. (AC +1)


Message History

No target in view!
No target in view!
No target in view!
No target in view!
No target in view!
No target in view!
No target in view!
You now have 129 gold pieces (gained 13). 3 gnolls come into view.
The gnoll shouts! x3; You hear a shout!
A gnoll comes into view. It is wielding a +0 halberd.
There are monsters nearby!
There are monsters nearby!
The gnoll closely misses you.
The gnoll hits you from afar with a +0 halberd!
You hit the gnoll.
The gnoll is lightly wounded.
The gnoll barely misses you. The gnoll closely misses you.
You hit the gnoll.
The gnoll is heavily wounded.
The gnoll hits you from afar with a +0 halberd!
The gnoll barely misses you. The gnoll closely misses you. x2
You hit the gnoll.
You kill the gnoll!
The gnoll barely misses you.
Your Fighting skill increases to level 5!
You have reached level 4!
The gnoll barely misses you. The gnoll closely misses you.
You see here a +0 club.
You hit the gnoll.
The gnoll is moderately wounded.
The gnoll hits you with a +0 halberd.
The gnoll hits you from afar with a +0 halberd!
* * * LOW HITPOINT WARNING * * *
You hit the gnoll.
The gnoll is severely wounded.
The gnoll hits you with a +0 halberd!
* * * LOW HITPOINT WARNING * * *
The gnoll hits you from afar with a +0 halberd.
You die...

######### ########
........# #ggg@..#
#.......# #.####.#
........###**,* #.#
...........,,,*###.####
........#******#......#
........# #.##.#.#
.....<..###### #.#.#.†#
.##.###......# #..###.#
....# #......# #.#.#..#


You could see 3 gnolls.

Vanquished Creatures
  A gnoll (D:2)
  2 worms (D:2)
  A dart slug (D:2)
  4 ball pythons
  2 bats (D:2)
  5 endoplasms
  A giant cockroach (D:2)
  3 goblins
  6 hobgoblins
  3 jackals (D:1)
  3 frilled lizards
  4 kobolds
  5 rats
40 creatures vanquished.

Notes
Turn   | Place    | Note
-------+----------+-------------------------------------------
     0 | D:1      | sammy202020 the Ogre Monk began the quest for the Orb.
     0 | D:1      | Reached XP level 1. HP: 24/24 MP: 1/1
   521 | D:1      | Found a faded altar of an unknown god.
   584 | D:1      | Reached XP level 2. HP: 19/32 MP: 2/2
  1527 | D:2      | Reached XP level 3. HP: 38/40 MP: 3/3
  1768 | D:2      | Found a shadowy altar of Dithmenos.
  2693 | D:2      | Reached skill level 5 in Fighting
  2693 | D:2      | Reached XP level 4. HP: 25/50 MP: 4/4
  2695 | D:2      | Slain by a gnoll

Illustrated notes

Levels and vault maps discovered:
D:1:      dpeg_arrival_signposts, layout_basic,
          dilly_ecumenical_altar_fadedgnrine, serial_bayou_crossing
D:2:      layout_loops_cross, basic_altar

Skill      XL: |  1  2  3 |
---------------+----------+-----
Maces & Flails | 3 |  3.3
Dodging        | 3 |  3.0
Fighting       | 5 |  5.0
Stealth        | |  1.8

Action                   |  1- 3 |  4- 6 || total
-------------------------+-------+-------++-------
Melee: Mace              |   120 |     2 ||   122
  Use: Scroll            |     8 |       ||     8
 Stab: Sleeping          |     5 |       ||     5
Armor: Robe              |    52 |       ||    52
Dodge: Dodged            |    90 |     2 ||    92

Table legend: (Time is in decaauts)
 A = Elapsed time spent in this place.
 B = Non-inter-level travel time spent in this place.
 C = Inter-level travel time spent in this place.
 D = Time resting spent in this place.
 E = Time spent auto-exploring this place.
 F = Levels seen in this place.
 G = Mean time per level.
                   A        B        C        D        E       F      G
               +--------+--------+--------+--------+--------+-----+--------+
         Total |   2735 |   2715 |     20 |    457 |   1922 |   2 | 1367.5 |
       Dungeon |   2735 |   2715 |     20 |    457 |   1922 |   2 | 1367.5 |
               +--------+--------+--------+--------+--------+-----+--------+

Top non-repeatable levels by time:
     D:1: 1422 daAuts
     D:2: 1312 daAuts
